 Dungeon Crawl Stone Soup version 0.28.0 (webtiles) character file.

Game seed: 9796391273457367684

21853 danielguo94 the Bludgeoner (level 12, -6/74 HPs)
             Began as a Gargoyle Fighter on Feb 4, 2022.
             Was a Priest of the Shining One.
             Mangled by an eight-headed hydra (11 damage)
             ... on level 2 of the Lair of Beasts on Feb 5, 2022.
             The game lasted 00:27:27 (17490 turns).

danielguo94 the Bludgeoner (Gargoyle Fighter)      Turns: 17490, Time: 00:27:28

Health: -6/74      AC: 25    Str: 23    XL:     12   Next: 94%
Magic:  17/17      EV:  9    Int:  9    God:    the Shining One [***...]
Gold:   682        SH:  5    Dex: 11    Spells: 11/11 levels left

rFire   . . .      SeeInvis +   A - +2 eveningstar (venom)
rCold   . . .      Faith    .   c - +0 buckler
rNeg    + + .      Spirit   .   C - +0 chain mail
rPois   ∞          Reflect  .   L - +1 helmet
rElec   +          Harm     .   P - +0 cloak
rCorr   .          Rampage  .   p - +0 pair of gloves
Will    +....                   (no boots)
Stlth   ..........              (no amulet)
HPRegen 0.22/turn               g - ring of see invisible
MPRegen 0.15/turn               D - ring of willpower

@: glowing
A: sickness immunity, AC +8, negative energy resistance 1, electricity
resistance, torment resistance 1, petrification resistance
a: Renounce Religion, Divine Shield, Cleansing Flame


You were on level 2 of the Lair of Beasts.
You worshipped the Shining One.
The Shining One was most pleased with you.
You visited 3 branches of the dungeon, and saw 15 of its levels.

You collected 864 gold pieces.
You spent 182 gold pieces at shops.

Inventory:

Hand Weapons
 w - a +3 hand axe
 A - a +2 eveningstar of venom (weapon)
Missiles
 a - 4 curare-tipped darts
 f - 415 stones
 o - 118 poisoned darts (quivered)
 O - 3 throwing nets
Armour
 c - a +0 buckler (worn)
 p - a +0 pair of gloves (worn)
 C - a +0 chain mail (worn)
 L - a +1 helmet (worn)
 P - a +0 cloak (worn)
Jewellery
 g - a ring of see invisible (left hand)
 D - a ring of willpower (right hand)
 M - a ring of ice
Wands
 r - a wand of digging (5)
 E - a wand of polymorph (8)
 J - a wand of flame (33)
 N - a wand of charming (3)
Scrolls
 e - 2 scrolls of brand weapon
 h - a scroll of teleportation
 i - 5 scrolls of immolation
 j - a scroll of silence
 l - 3 scrolls of magic mapping
 n - a scroll of amnesia {unknown}
 q - 2 scrolls of vulnerability {unknown}
 x - a scroll of fog {unknown}
 y - 4 scrolls of fear
 H - a scroll of noise {unknown}
 I - a scroll of summoning {unknown}
Potions
 b - a potion of degeneration {unknown}
 d - 2 potions of might
 k - 9 potions of curing
 m - a potion of heal wounds
 s - 3 potions of mutation
 t - 4 potions of berserk rage
 u - 4 potions of flight {unknown}
 v - 4 potions of attraction
 z - a potion of experience {unknown}
 B - a potion of invisibility {unknown}
 F - a potion of lignification {unknown}
 G - 2 potions of ambrosia {unknown}
 K - a potion of resistance {unknown}


   Skills:
 + Level 8.2 Fighting
 * Level 15.9 Maces & Flails
 + Level 9.6 Armour
 + Level 2.9 Dodging
 + Level 6.8 Shields
 * Level 6.8 Invocations


You had 11 spell levels left.
You didn't know any spells.
Your spell library contained the following spells:

 Spells                   Type           Power      Damage    Failure   Level
 Pain                     Necr           0%         1d4       96%         1
 Summon Small Mammal      Summ           0%         N/A       96%         1
 Call Canine Familiar     Summ           0%         N/A       100%        3
 Conjure Flame            Conj/Fire      0%         6-21      100%        3
 Ignite Poison            Fire/Tmut/Pois 0%         N/A       100%        3
 Ozocubu's Armour         Ice            0%         N/A       100%        3
 Summon Guardian Golem    Hex/Summ       0%         N/A       100%        3
 Sticky Flame             Conj/Fire      0%         2d3       100%        4
 Agony                    Necr           0%         N/A       100%        5
 Excruciating Wounds      Necr           0%         N/A       100%        5
 Ozocubu's Refrigeration  Ice            0%         4d5       100%        7


Dungeon Overview and Level Annotations

Branches:
Dungeon (11/15)            Temple (1/1) D:6            Lair (3/6) D:10
    Orc (0/2) D:9
  Swamp: Lair:2-4    Shoals: Lair:2-4     Snake: Lair:2-4    Spider: Lair:2-4

Altars:
Ashenzari
Cheibriados
Dithmenos
Elyvilon
Fedhas
Gozag
Hepliaklqana
Kikubaaqudgha
Makhleb
Nemelex Xobeh
Okawaru
Qazlal
Ru
Sif Muna
Trog
Uskayaw
Vehumet
Wu Jian
Xom
Yredelemnul
Zin
The Shining One

Shops:
D:9 *

Annotations:
Lair:2 2 transporters


Innate Abilities, Weirdness & Mutations

You are immune to sickness and miasma.
Your stone body is resilient. (AC +8)
You are immune to poison.
You resist negative energy. (rN+)
You are resistant to electric shocks. (rElec)
You are resistant to unholy torment.
You are immune to petrification.


Message History

You are too injured to fight recklessly!
Unknown command.
You are too injured to fight recklessly!
Unknown command.
The blink frog blinks!
You see here a komodo dragon corpse.
The blink frog closely misses you.
The blink frog hits you but does no damage.
You thump the blink frog!
The blink frog is poisoned.
The blink frog is moderately wounded.
The blink frog hits you but does no damage.
You hit the blink frog.
The blink frog looks as sick as possible!
The blink frog is heavily wounded.
The blink frog closely misses you.
You closely miss the blink frog.
The blink frog is severely wounded.
The blink frog hits you but does no damage.
The blink frog blinks!
You puncture the eight-headed hydra!
The eight-headed hydra is heavily wounded.
The eight-headed hydra closely misses you.
You block the eight-headed hydra's attack.
The eight-headed hydra bites you. The eight-headed hydra bites you!
The eight-headed hydra barely misses you.
The eight-headed hydra bites you but does no damage.
You block the eight-headed hydra's attack.
The eight-headed hydra bites you!
* * * LOW HITPOINT WARNING * * *
Unknown command.
You hit the eight-headed hydra.
The eight-headed hydra is heavily wounded.
You kill the blink frog!
The eight-headed hydra bites you but does no damage. x2
The eight-headed hydra bites you!
* * * LOW HITPOINT WARNING * * *
The eight-headed hydra bites you but does no damage. x3
You block the eight-headed hydra's attack.
The eight-headed hydra bites you!
You die...

P...##P...P##...## ##.........###
#....##...###..#######...8....#.#
#...###...# ####..8..#...........
....##P...## #...÷.............
.....##....## #8÷>÷...8.<.8..8..
.....#.....P# #.†...#...........
....#.#.....# ##.8.##...........
.........#.######D#####..8..###.#
#########.#.#.##@#######......###
#♣#w#♣#w#......†..##P#P##........
#≈≈≈#≈≈≈####............##...8...
PPPP☼PPP#!=#.............#.......
©^^^^^^.+$©#©#...#.....#..#......
PPPPP§PP#)[#.#.###..####...###...
#≈§≈§#≈≈####.#####...####.P.##.##
##w#♣#w##....####P..#..##....####
#########...............#........


You could see an eight-headed hydra.

Vanquished Creatures
  Harold (Lair:1)
  Fannar (Lair:1)
  A hydra (Lair:1)
  A two-headed ogre (D:9)
  The ghost of Duder the Basher, a novice MiBe of Trog (D:8)
  Pikel (D:6)
  An elephant (D:10)
  4 black mambas
  2 cane toads
  A torpor snail (Lair:2)
  Maggie (D:6)
  3 komodo dragons
  2 kobold demonologists (D:10)
  A polar bear (Lair:1)
  5 blink frogs
  45 yaks
  2 basilisks
  A steam dragon (D:8)
  3 water moccasins
  Duvessa (D:6)
  4 orc warriors
  3 black bears
  4 necrophages
  7 centaurs
  5 wolves (Lair:3)
  2 ogres
  2 phantoms (D:4)
  19 kobold brigands
  6 bullfrogs
  2 scorpions
  A water moccasin zombie (D:6)
  2 water moccasin skeletons
  Dowan (D:6)
  4 killer bees
  5 electric eels (D:9)
  2 howler monkeys
  A bullfrog zombie (D:5)
  5 centaur zombies
  3 hounds
  2 centaur skeletons (D:6)
  2 jellies
  7 orc priests
  3 iguanas
  9 orc wizards
  A killer bee zombie (D:6)
  A hound skeleton (D:5)
  A gnoll (D:8)
  8 adders
  An ufetubus (D:5)
  2 worms
  4 dart slugs
  25 orcs
  5 endoplasms
  3 giant cockroaches
  5 goblins
  12 hobgoblins
  5 quokkas
  9 ball pythons
  5 bats
  6 frilled lizards
  A jackal skeleton (D:4)
  34 kobolds
  3 rats
310 creatures vanquished.

Vanquished Creatures (others)
  A fungus (D:10)
  19 plants
20 creatures vanquished.

Grand Total: 330 creatures vanquished

Notes
Turn   | Place    | Note
-------+----------+-------------------------------------------
     0 | D:1      | danielguo94 the Gargoyle Fighter began the quest for the
                  | Orb.
     0 | D:1      | Reached XP level 1. HP: 14/14 MP: 1/1
   238 | D:1      | Reached XP level 2. HP: 18/19 MP: 2/2
   504 | D:1      | Reached XP level 3. HP: 23/23 MP: 3/3
  1756 | D:2      | Reached XP level 4. HP: 29/29 MP: 4/4
  1961 | D:2      | Reached skill level 3 in Maces & Flails
  2544 | D:2      | Reached XP level 5. HP: 24/33 MP: 5/5
  3455 | D:4      | Reached skill level 4 in Maces & Flails
  3698 | D:4      | Reached XP level 6. HP: 30/38 MP: 6/6
  3940 | D:4      | Reached skill level 5 in Maces & Flails
  4496 | D:4      | Reached XP level 7. HP: 20/43 MP: 7/7
  4945 | D:5      | Entered Level 5 of the Dungeon
  4972 | D:5      | Reached skill level 6 in Maces & Flails
  4972 | D:5      | Reached skill level 5 in Armour
  4976 | D:5      | Found a sparkling altar of Nemelex Xobeh.
  5660 | D:5      | Reached skill level 1 in Dodging
  5866 | D:5      | Found a shimmering altar of Xom.
  6252 | D:6      | Reached skill level 7 in Maces & Flails
  6252 | D:6      | Reached XP level 8. HP: 48/48 MP: 8/8
  6312 | D:6      | Noticed Maggie
  6337 | D:6      | Killed Maggie
  6343 | D:6      | Reached skill level 8 in Maces & Flails
  6701 | D:6      | Noticed Pikel
  6731 | D:6      | Killed Pikel
  6732 | D:6      | Reached skill level 5 in Fighting
  6732 | D:6      | Reached skill level 9 in Maces & Flails
  6732 | D:6      | Reached XP level 9. HP: 46/54 MP: 9/9
  6819 | D:6      | Found a staircase to the Ecumenical Temple.
  6851 | Temple   | Entered the Ecumenical Temple
  6996 | Temple   | Became a worshipper of the Shining One
  7109 | D:6      | Reached skill level 10 in Maces & Flails
  7433 | D:6      | Noticed Dowan
  7434 | D:6      | Noticed Duvessa
  7444 | D:6      | Killed Duvessa
  7454 | D:6      | Killed Dowan
  7564 | D:7      | Reached skill level 5 in Shields
  7613 | D:7      | Identified the +0 robe of the Snail {Regen+ Str+5}
  8775 | D:8      | Reached * piety under the Shining One
  8812 | D:8      | Noticed Duder's ghost (novice MiBe)
  8813 | D:8      | Found a transporter.
  8815 | D:8      | Found a transporter.
  8872 | D:8      | Reached skill level 11 in Maces & Flails
  9144 | D:8      | Reached XP level 10. HP: 49/59 MP: 10/10
 10282 | D:9      | Reached skill level 12 in Maces & Flails
 10495 | D:9      | Found Matiduav's Assorted Antiques.
 10681 | D:9      | Found a staircase to the Orcish Mines.
 11301 | D:9      | Reached skill level 1 in Invocations
 11546 | D:9      | Noticed a two-headed ogre
 11558 | D:9      | Killed a two-headed ogre
 11801 | D:10     | Entered Level 10 of the Dungeon
 12092 | D:10     | Reached ** piety under the Shining One
 12311 | D:10     | Noticed an elephant
 12312 | D:10     | Noticed a kobold demonologist
 12381 | D:9      | Reached skill level 13 in Maces & Flails
 12385 | D:9      | Reached XP level 11. HP: 33/66 MP: 12/12
 13453 | D:10     | Reached skill level 14 in Maces & Flails
 13985 | D:10     | Found a staircase to the Lair.
 14313 | D:9      | Bought a scroll of identify for 56 gold pieces
 14313 | D:9      | Bought a scroll labelled RUXTIH GOIL for 28 gold pieces
 14316 | D:9      | Bought a scroll of immolation for 98 gold pieces
 14386 | Lair:1   | Entered Level 1 of the Lair of Beasts
 14393 | Lair:1   | Reached skill level 5 in Invocations
 14422 | Lair:1   | Reached XP level 12. HP: 53/72 MP: 15/15
 14426 | Lair:1   | Noticed Fannar
 14592 | D:8      | Killed Duder's ghost
 14763 | D:10     | Reached skill level 15 in Maces & Flails
 14839 | D:11     | Noticed a boulder beetle
 15108 | Lair:1   | Killed Fannar
 15161 | Lair:1   | Noticed a six-headed hydra
 15167 | Lair:1   | Killed a six-headed hydra
 15645 | Lair:1   | Noticed Harold
 15651 | Lair:1   | Killed Harold
 16110 | Lair:2   | Found a transporter.
 16581 | Lair:2   | Found a transporter.
 16603 | Lair:2   | Reached *** piety under the Shining One
 17174 | Lair:3   | Noticed an eight-headed hydra
 17490 | Lair:2   | Mangled by an eight-headed hydra

Illustrated notes

Levels and vault maps discovered:
D:1:      lightli_arrival_statuegarden, layout_basic
D:2:      minmay_razor_zed, layout_basic, minmay_crystal_water
D:3:      layout_loops_ring, dk_vineyard_3, chequers_serial_rivers_room_b
D:4:      layout_loops_ring, chequers_big_river, grunt_tough_drop
D:5:      layout_basic, mainiacjoe_overflow_catch_the_wave,
          kennysheep_generic_room_8
D:6:      layout_loops_ring, minmay_temple_entry_drinking_statues, uniq_maggie,
          uniq_duvessa, uniq_pikel
D:7:      layout_loops_corners
D:8:      layout_layer_cave, gammafunk_ghost_arena, minmay_fountain_box,
          minmay_misc_feat_diagonals
D:9:      layout_stronghold, erik_orc_3, serial_shops, nicolae_take_the_stairs,
          serial_bayou_lake_a
D:10:     layout_small_grid, david_lair_generic, special_room
          [special_room_kobold]
D:11:     layout_long_grid, uniq_grum
Temple:   regret_index_temple_chain_breaker
Lair:1:   layout_chaotic_city, lemuel_fruit_tree, uniq_fannar, uniq_harold
Lair:2:   gammafunk_worm_tunnel, layout_concentric_octagons, st_stairs_13,
          infiniplex_staircase_pool, grunt_megastairs_3
Lair:3:   layout_chaotic_city, minmay_snake_entry_guardpost_medium,
          chequers_serial_rivers_marsh, serial_bayou_shore_b,
          grunt_megastairs_4, infiniplex_staircase_pool_2

Skill      XL: |  1  2  3  4  5  6  7  8  9 10 11 12 |
---------------+-------------------------------------+-----
Armour         | 4 5 6 7 8 9 |  9.6
Maces & Flails | 3 4 5 7 9 11 13 14 15 | 15.9
Fighting       | 4 5 6 7 8 |  8.2
Shields        | 4 5 6 |  6.8
Dodging        | 1 2 |  2.9
Invocations    | 2 5 6 |  6.8

Action                   |  1- 3 |  4- 6 |  7- 9 | 10-12 || total
-------------------------+-------+-------+-------+-------++-------
Melee: Flail             |   114 |   191 |   347 |   250 ||   902
       Eveningstar       |       |       |       |   478 ||   478
Throw: Dart              |       |       |     5 |       ||     5
  Use: Scroll            |     1 |     2 |     5 |     9 ||    17
       Potion            |       |       |     1 |       ||     1
Armor: Scale mail        |    55 |    86 |   197 |    67 ||   405
       Chain mail        |       |       |       |   432 ||   432
Dodge: Dodged            |    53 |    91 |   137 |   312 ||   593
Block: Buckler           |    17 |    37 |    86 |   210 ||   350
